 Dungeon Crawl Stone Soup version 0.23.2-33-g5129a83184 (webtiles) character file.

Game seed: 4270164612426448605

53 Flogoulo the Skirmisher (level 3, -2/40 HPs)
             Began as an Ogre Gladiator on July 17, 2019.
             Slain by a leopard gecko (4 damage)
             ... on level 1 of the Dungeon.
             The game lasted 00:03:07 (1856 turns).

Flogoulo the Skirmisher (Ogre Gladiator)            Turns: 1856, Time: 00:03:07

Health: -2/40      AC:  3    Str: 19    XL:     3   Next: 87%
Magic:  3/3        EV: 10    Int:  9    God:
Gold:   32         SH:  0    Dex: 10    Spells: 2/2 levels left

rFire    . . .     SeeInvis +   a - +0 flail
rCold    . . .     Gourm    .   (no shield)
rNeg     . . .     Faith    .   b - +0 robe
rPois    +         Spirit   .   c - +0 hat
rElec    .         Reflect  .   (no cloak)
rCorr    .         Harm     .   (gloves unavailable)
MR       .....                  (boots unavailable)
Stlth    +.........             (no amulet)
HPRegen  0.13/turn              k - ring of poison resistance
MPRegen  0.08/turn              o - ring of see invisible

@: no status effects
A: large, unfitting armour, tough skin 1
a: no special abilities


You were on level 1 of the Dungeon.
You were very hungry.

You visited 1 branch of the dungeon, and saw 2 of its levels.

You collected 32 gold pieces.

Inventory:

Hand Weapons
 a - a +0 flail (weapon)
Missiles
 d - 3 throwing nets (quivered)
Armour
 b - a +0 robe (worn)
 c - a +0 hat (worn)
Jewellery
 k - a ring of poison resistance (left hand)
 o - a ring of see invisible (right hand)
Scrolls
 j - a scroll of identify {unknown}
 l - a scroll of remove curse {unknown}
 n - a scroll of teleportation {unknown}
Potions
 e - a potion of might {unknown}
 g - a potion of haste {unknown}
 h - 2 potions of curing
Comestibles
 f - 3 rations
 i - 2 chunks of flesh


   Skills:
 * Level 4.4 Fighting
 + Level 3.2 Maces & Flails
 - Level 2.0 Throwing
 - Level 3.0 Dodging


You had 2 spell levels left.
You didn't know any spells.
Your spell library was empty.

Dungeon Overview and Level Annotations

Branches:
Dungeon (2/15)

Altars:


Innate Abilities, Weirdness & Mutations

You are too large for most types of armour.
You have tough skin. (AC +1)


Message History

* * * LOW HITPOINT WARNING * * *
The leopard gecko barely misses you.
You are starving!
The leopard gecko hisses menacingly.
You closely miss the leopard gecko. The leopard gecko bites you.
* * * LOW HITPOINT WARNING * * *
The leopard gecko bites you.
* * * LOW HITPOINT WARNING * * *
Eat one of 3 chunks of flesh? (ye/n/q)
You eat one of the 3 chunks of flesh.
This raw flesh tastes terrible.
You are feeling very hungry.
The leopard gecko bites you but does no damage.
You barely miss the leopard gecko. The leopard gecko bites you.
* * * LOW HITPOINT WARNING * * *
You barely miss the leopard gecko.
The leopard gecko bites you but does no damage.
The leopard gecko bites you.
* * * LOW HITPOINT WARNING * * *
You barely miss the leopard gecko. The leopard gecko bites you.
You die...

### ### #### #.# #.# ...## #.#
#.# .#..# #@# #.# ....#### #l#
#.# .#(....## ######K## #.#
........# #...#...##### #.#
.#......###...........# #.#
......................# #.#
......................###.####
.......................##....#
.......................'.>##.#


You could see a leopard gecko and a kobold.

Vanquished Creatures
  2 oozes (D:1)
  2 dart slugs (D:1)
  2 leopard geckos
  4 goblins (D:1)
  4 hobgoblins (D:1)
  8 jackals (D:1)
  A ball python (D:1)
  2 bats (D:1)
  3 frilled lizards
  4 kobolds (D:1)
  2 rats
34 creatures vanquished.

Notes
Turn   | Place    | Note
-------+----------+-------------------------------------------
     0 | D:1      | Flogoulo the Ogre Gladiator began the quest for the Orb.
     0 | D:1      | Reached XP level 1. HP: 22/22 MP: 1/1
   163 | D:1      | Reached skill level 3 in Fighting
   370 | D:1      | Reached XP level 2. HP: 31/31 MP: 2/2
   691 | D:1      | Reached XP level 3. HP: 9/39 MP: 3/3
   966 | D:1      | Reached skill level 4 in Fighting
  1855 | D:1      | HP: 2/40 [leopard gecko (1)]
  1856 | D:1      | Slain by a leopard gecko

Skill      XL: |  1  2  3 |
---------------+----------+-----
Fighting       | 3 4 |  4.4
Maces & Flails | 3 |  3.2
Dodging        | 3 |  3.0
Throwing       | |  2.0

Action                   || total
-------------------------++-------
Melee: Flail             ||   120
  Use: Potion            ||     1
  Eat: Chunk             ||     2
Armor: Robe              ||    59
Dodge: Dodged            ||   106
